 Dungeon Crawl Stone Soup version 0.20.2-3-g29329e0561 (webtiles) character file.

287 Alfie the Skirmisher (level 6, -4/53 HPs)
             Began as a Hill Orc Fighter on Sept 6, 2023.
             Slain by a gnoll
             ... wielding a +0 spear
              (5 damage)
             ... on level 4 of the Dungeon.
             The game lasted 00:06:03 (2572 turns).

Alfie the Skirmisher (Hill Orc Fighter)             Turns: 2572, Time: 00:06:04

Health: -4/53      AC:  9    Str: 21    XL:     6   Next: 30%
Magic:  6/6        EV:  8    Int:  8    God:
Gold:   97         SH:  9    Dex: 10    Spells: 5/5 levels left

rFire    . . .     SeeInvis .   a - +0 rapier
rCold    . . .     Gourm    .   c - +0 shield
rNeg     . . .     Faith    .   b - +0 scale mail
rPois    .         Spirit   .   (no helmet)
rElec    .         Reflect  .   (no cloak)
rCorr    .         Harm     .   (no gloves)
MR       .....                  o - +1 pair of boots
Stlth    ..........             (no amulet)
Regen    0.2/turn               (no ring)
MPRegen  0.1/turn               (no ring)

@: no status effects
A: no striking features
a: no special abilities


You were on level 4 of the Dungeon.
You were not hungry.

You visited 1 branch of the dungeon, and saw 4 of its levels.

You collected 97 gold pieces.

Inventory:

Hand Weapons
 a - a +0 rapier (weapon)
Armour
 b - a +0 scale mail (worn)
 c - a +0 shield (worn)
 o - a +1 pair of boots (worn)
Jewellery
 e - an uncursed ring of resist corrosion
 f - an uncursed ring of fire
 q - an uncursed amulet of guardian spirit
Scrolls
 g - 2 scrolls of amnesia {unknown}
 j - a scroll of teleportation {unknown}
 l - a scroll of immolation {unknown}
 m - 3 scrolls of remove curse {unknown}
 p - 2 scrolls of magic mapping {unknown}
Potions
 k - a potion of curing
Comestibles
 d - 2 bread rations
 h - 2 meat rations


   Skills:
 + Level 4.5 Fighting
 + Level 4.3 Short Blades
 + Level 4.2 Armour
 + Level 1.1 Dodging
 + Level 0.1 Stealth
 + Level 4.3 Shields


You had 5 spell levels left.
You didn't know any spells.

Dungeon Overview and Level Annotations

Branches:
Dungeon (4/15)
 Temple: D:4-7

Altars:
The Shining One

Annotations:
D:3 Alfie's ghost, amateur HOFi


Message History

a club; a gnoll corpse The gnoll closely misses you.
The gnoll closely misses you. The gnoll closely misses you.
The gnoll hits you from afar with a halberd!
The gnoll barely misses you. You block the gnoll's attack.
You hit the gnoll.
The gnoll is lightly wounded.
You block the gnoll's attack.
You hit the gnoll.
The gnoll is moderately wounded.
The gnoll hits you from afar with a halberd!
* * * LOW HITPOINT WARNING * * *
The gnoll hits you but does no damage.
You puncture the gnoll!
The gnoll is almost dead.
The gnoll hits you from afar with a halberd!
* * * LOW HITPOINT WARNING * * *
The gnoll hits you with a spear.
You die...

#####.. ..# #####.....#
#.# ####
..........#####.###...####
.........................+
............###.........#
............#...........##
#........>..g.........!..
#........#g##...#....#.
###....###'#@##...# .(.#
#............###### ...#
#............# #(#
#...##.......# g
####......###+#..
#............ [.##
#............ ..#
#.......##.(. ...
#)......# .......


You could see 2 gnolls.

Vanquished Creatures
  A scorpion (D:4)
  An orc priest (D:4)
  Terence (D:2)
  3 orc wizards (D:4)
  2 gnolls
  A worm (D:3)
  2 dart slugs (D:1)
  6 leopard geckos
  8 orcs
  5 goblins
  8 hobgoblins
  6 jackals
  5 kobolds
  A quokka (D:2)
  2 ball pythons (D:2)
  7 bats
  3 frilled lizards
  8 rats
70 creatures vanquished.

Notes
Turn   | Place    | Note
-------+----------+-------------------------------------------
     0 | D:1      | Alfie the Hill Orc Fighter began the quest for the Orb.
     0 | D:1      | Reached XP level 1. HP: 19/19 MP: 1/1
   166 | D:1      | Reached XP level 2. HP: 27/27 MP: 2/2
   527 | D:1      | Reached XP level 3. HP: 33/33 MP: 3/3
  1353 | D:2      | Noticed Terence
  1378 | D:2      | Killed Terence
  1378 | D:2      | Reached XP level 4. HP: 32/40 MP: 4/4
  1653 | D:2      | Found a glowing golden altar of the Shining One.
  2130 | D:3      | Noticed Alfie's ghost (amateur HOFi)
  2341 | D:4      | Reached XP level 5. HP: 15/46 MP: 5/5
  2430 | D:4      | Reached skill level 1 in Dodging
  2430 | D:4      | Reached XP level 6. HP: 43/53 MP: 6/6
  2572 | D:4      | HP: 1/53 [gnoll/halberd (7)]
  2572 | D:4      | Slain by a gnoll

Skill      XL: |  1  2  3  4  5 |
---------------+----------------+-----
Fighting       | 4 |  4.5
Short Blades   | 3 4 |  4.3
Shields        | 4 |  4.3
Armour         | 4 |  4.2
Dodging        | 1 |  1.1
Stealth        | |  0.1

Action                   |  1- 3 |  4- 6 || total
-------------------------+-------+-------++-------
Melee: Rapier            |   122 |   135 ||   257
Throw: Tomahawk          |       |     6 ||     6
  Use: Potion            |     1 |     4 ||     5
       Scroll            |       |     3 ||     3
  Eat: Royal jelly       |     1 |       ||     1
       Chunk             |     1 |       ||     1
       Bread ration      |       |     1 ||     1
Armor: Scale mail        |    45 |    44 ||    89
Dodge: Dodged            |    40 |    47 ||    87
Block: Shield            |    58 |    47 ||   105
